Map: Kairos Junction LE

Players

NeoBlade - Winner!

  • Race: Terran Terran
  • Spawn Location: 11:00

A.I. 1 (Harder)

  • Race: Zerg Zerg
  • Spawn Location: 5:00

VOD

Have the link to the VOD?

Description

Time

  • Played on: April 23, 2019, 3:02 p.m.
  • Length: 10:42
Show
View Real Time Build Order
Export as new Build Order

NeoBlade Terran - Winner!

Build Orders: Command Center First (CC) 

Get SALT Encoding   

  12  0:01  SCV  
  13  0:13  SCV  
  14  0:18  Supply Depot  
  14  0:25  SCV  
  15  0:39  SCV  
  16  0:51  SCV  
  17  1:00  Command Center  
  17  1:04  SCV  
  18  1:14  Barracks  
  18  1:17  SCV  
  19  1:29  SCV  
  19  1:32  Barracks  
  20  1:42  SCV  
  20  1:46  Barracks  
  21  1:54  SCV  
  22  2:01  Marine  
  23  2:08  Orbital Command  
  23  2:13  Orbital Command  
  23  2:19  Marine  
  23  2:20  Marine  
  25  2:37  Marine  
  25  2:38  Marine  
  25  2:39  SCV x2  
  25  2:41  Supply Depot  
  29  2:45  Marine  
  29  2:51  SCV x2  
  32  2:55  Marine  
  32  2:56  Marine  
  34  3:03  Marine, SCV x2  
  37  3:10  Supply Depot  
  37  3:13  Marine x2  
  37  3:15  SCV x2  
  37  3:18  Supply Depot  
  41  3:21  Marine  
  42  3:27  Refinery, SCV x2  
  42  3:30  Refinery  
  42  3:32  Supply Depot  
  44  3:34  Marine x2  
  44  3:39  Marine, SCV x2  
  49  3:51  SCV x2  
  49  3:54  Marine  
  53  3:57  Marine  
  53  3:58  Engineering Bay  
  53  4:01  Engineering Bay  
  54  4:03  SCV x2  
  54  4:05  Barracks Tech Lab  
  55  4:10  Supply Depot  
  55  4:12  Marine  
  55  4:15  Marine, SCV x2  
  59  4:27  SCV  
  59  4:28  SCV  
  59  4:29  Combat Shield  
  59  4:30  Marine  
  59  4:31  Marine  
  63  4:32  Marine  
  63  4:37  Supply Depot  
  64  4:40  SCV x2  
  66  4:48  Marine x2, Command Center  
  66  4:50  Marine  
  66  4:52  SCV x2  
  71  4:58  Terran Infantry Armor Level 1, Terran Infantry Weapons Level 1  
  71  5:04  SCV x2, Barracks  
  71  5:05  Barracks  
  73  5:07  Marine  
  74  5:15  Marine  
  74  5:16  Marine, SCV x2  
  78  5:22  Supply Depot  
  78  5:25  Marine  
  78  5:28  SCV x2  
  81  5:33  Factory, Marine  
  82  5:39  Marine  
  82  5:40  SCV x2  
  85  5:43  Marine  
  85  5:45  Supply Depot  
  86  5:51  Marine  
  86  5:52  SCV x2  
  86  5:53  Missile Turret  
  86  5:57  Marine x3, Missile Turret  
  89  6:00  Marine  
  89  6:03  Supply Depot  
  94  6:04  SCV x2  
  94  6:09  Marine  
  94  6:10  Orbital Command  
  96  6:14  Barracks  
  96  6:16  SCV x2, Stimpack  
  96  6:17  Factory Tech Lab  
  98  6:22  Refinery  
  98  6:25  Supply Depot  
  98  6:28  SCV  
  98  6:29  SCV  
  100  6:38  SCV  
  101  6:40  SCV  
  101  6:41  SCV  
  101  6:42  Marine x5  
  101  6:45  Infernal Pre-Igniter  
  108  6:49  Armory  
  108  6:50  SCV  
  108  6:53  SCV x2  
  111  6:59  Marine  
  111  7:00  Marine x2  
  114  7:01  Barracks  
  114  7:03  SCV  
  114  7:05  Marine x3, SCV x2  
  111  7:15  SCV  
  112  7:17  Marine, SCV x2  
  112  7:18  Marine x2  
  112  7:20  Command Center  
  117  7:24  Marine x3  
  117  7:27  SCV  
  117  7:28  Hellion  
  123  7:35  Factory, Marine  
  124  7:40  Barracks x2  
  124  7:41  Barracks  
  124  7:42  Supply Depot  
  124  7:43  Supply Depot, Barracks  
  124  7:49  Hellion  
  126  7:54  SCV x2  
  126  7:56  Marine x5  
  133  8:04  Marine x2  
  135  8:06  Supply Depot  
  135  8:09  Barracks  
  135  8:10  Barracks, Hellion  
  135  8:11  Barracks  
  135  8:12  Barracks  
  137  8:14  Marine x5  
  142  8:21  Marine x2, Factory Reactor  
  142  8:23  Starport  
  142  8:24  Terran Infantry Weapons Level 2, Terran Infantry Armor Level 2  
  144  8:32  Marine x6, Hellion  
  144  8:33  Marine  
  155  8:42  Barracks Reactor x3  
  153  8:48  Planetary Fortress  
  153  8:53  Barracks, Hellbat  
  155  8:57  Missile Turret, Barracks x3  
  155  8:59  Barracks  
  155  9:00  Missile Turret, Starport Reactor  
  154  9:03  Supply Depot  
  154  9:08  Marine  
  154  9:09  Marine x11  
  165  9:15  Hellbat  
  165  9:26  Marine, Supply Depot  
  165  9:27  Marine x11  
  177  9:34  Marine x3  
  180  9:39  Command Center  
  180  9:43  Supply Depot  
  180  9:45  Missile Turret  
  180  9:47  Medivac x2, Marine x4  
  180  9:48  Missile Turret  
  180  9:50  Marine  
  188  9:55  Marine  
  188  10:04  Marine x6  
  188  10:05  Hellbat  
  188  10:06  Marine  
  196  10:07  Supply Depot  
  196  10:21  Command Center  
  196  10:29  Barracks Reactor x7  
Show
View Real Time Build Order
Export as new Build Order

A.I. 1 (Harder) Zerg 

Build Orders: Hatch First 

Get SALT Encoding   

  12  0:00  Drone  
  13  0:12  Overlord  
  13  0:17  Drone  
  14  0:30  Drone x2  
  14  0:34  Drone  
  17  0:53  Hatchery  
  17  0:54  Drone  
  17  1:10  Spawning Pool  
  16  1:12  Drone  
  16  1:16  Drone  
  18  1:18  Extractor  
  18  1:20  Drone  
  18  1:27  Overlord  
  18  1:38  Drone  
  19  1:59  Queen, Zergling x2  
  19  2:00  Zergling x2  
  23  2:02  Roach Warren  
  23  2:05  Drone  
  23  2:06  Extractor  
  22  2:10  Drone  
  23  2:25  Drone  
  24  2:36  Overlord  
  24  2:41  Roach  
  24  2:42  Roach  
  28  2:47  Zergling x2  
  29  2:53  Roach  
  29  2:55  Baneling Nest  
  29  2:57  Drone  
  31  2:59  Roach  
  33  3:14  Extractor, Drone  
  33  3:18  Lair  
  33  3:34  Extractor  
  32  3:36  Drone  
  32  3:40  Baneling, Zergling x2  
  34  3:49  Drone  
  34  3:53  Overlord, Drone  
  36  4:04  Drone  
  36  4:07  Drone  
  38  4:10  Drone  
  38  4:14  Drone  
  40  4:17  Spire  
  40  4:18  Drone  
  40  4:21  Drone  
  41  4:24  Drone  
  41  4:28  Drone  
  43  4:31  Overlord, Drone  
  44  4:42  Zergling x2  
  45  4:47  Zergling x2  
  46  4:53  Zergling x2  
  46  4:59  Baneling x2  
  47  5:00  Zergling x2  
  47  5:05  Overlord  
  48  5:14  Drone  
  49  5:17  Drone  
  49  5:20  Drone  
  51  5:23  Drone  
  51  5:25  Drone  
  53  5:28  Mutalisk  
  53  5:30  Overlord  
  53  5:33  Drone  
  53  5:34  Mutalisk  
  58  5:36  Drone  
  59  5:43  Drone  
  59  5:44  Mutalisk, Drone  
  59  5:45  Drone  
  59  5:46  Drone  
  65  5:52  Metabolic Boost  
  65  5:54  Drone  
  65  5:55  Mutalisk  
  68  6:05  Overlord  
  68  6:06  Evolution Chamber, Drone  
  68  6:16  Drone x2  
  68  6:18  Drone  
  71  6:20  Drone  
  71  6:22  Drone  
  73  6:27  Drone x2  
  73  6:32  Zerg Melee Weapons Level 1  
  75  6:37  Overlord  
  75  6:38  Burrow, Drone  
  76  6:47  Drone, Zergling x2  
  76  6:48  Drone  
  76  6:50  Drone  
  76  6:53  Zergling x2  
  81  6:59  Zergling x2  
  81  7:00  Overlord  
  82  7:05  Baneling  
  60  7:10  Mutalisk  
  58  7:16  Mutalisk  
  58  7:18  Queen  
  58  7:19  Mutalisk  
  58  7:20  Roach  
  64  7:25  Zergling x2  
  64  7:26  Roach  
  67  7:31  Roach, Zergling x2  
  67  7:34  Zergling x2  
  71  7:40  Baneling  
  71  7:41  Drone  
  71  7:42  Zergling x2  
  72  7:45  Zergling x2  
  72  7:51  Baneling x2  
  72  7:53  Zergling x2  
  72  7:55  Zergling x2  
  72  7:57  Queen  
  62  8:00  Drone  
  62  8:02  Drone x3  
  62  8:04  Zergling x2  
  50  8:14  Zergling x2  
  50  8:25  Zergling x2  
  50  8:26  Hatchery  
  48  8:34  Baneling  
  48  8:36  Pneumatized Carapace, Zergling x2  
  48  8:38  Evolution Chamber  
  47  8:44  Overseer  
  47  8:45  Spore Crawler  
  47  8:46  Drone  
  47  8:48  Hydralisk Den  
  46  8:51  Overseer  
  46  8:54  Spore Crawler  
  44  8:57  Overseer, Drone  
  44  8:58  Drone x3  
  42  9:04  Drone  
  42  9:05  Roach  
  42  9:06  Infestation Pit  
  42  9:08  Roach  
  43  9:12  Roach  
  36  9:19  Hydralisk  
  37  9:30  Hydralisk  
  32  9:37  Hydralisk  
  33  9:39  Drone  
  33  9:44  Infestor  
  33  9:45  Drone  
  33  9:53  Drone  
  23  10:04  Drone  
  23  10:09  Hydralisk x2, Drone  
  26  10:24  Drone  
Tags
 
Add a new tag
Caveats
  • Supply blocks, unpowered buildings, or Contaminate may cause inaccurate times.
  • Supply counts are checked every 10 seconds.